 Dungeon Crawl Stone Soup version 0.20.1-1-g8b1a95d (webtiles) character file.

16818 vineage the Blocker (level 12, -2/156 HPs)
             Began as a Minotaur Fighter on Aug 13, 2017.
             Was a High Priest of the Shining One.
             Slain by a skeletal warrior
             ... wielding a +0 glaive
              (5 damage)
             ... on level 13 of the Dungeon.
             The game lasted 00:30:40 (10593 turns).

vineage the Blocker (Minotaur Fighter)             Turns: 10593, Time: 00:30:41

Health: -2/156     AC: 26    Str: 24 (26) XL:     12   Next: 13%
Magic:  10/10      EV:  2    Int:  8 (10) God:    the Shining One [*****.]
Gold:   952        SH: 20    Dex: 14 (15) Spells: 11/11 levels left

rFire    . . .     SeeInvis .   L - +0 scimitar (flame)
rCold    . . .     Gourm    +   Z - +1 large shield
rNeg     + + +     Faith    .   (armour currently unavailable)
rPois    +         Spirit   .   (helmet currently unavailable)
rElec    .         Reflect  .   (cloak currently unavailable)
rCorr    .         Harm     .   (gloves currently unavailable)
MR       .....     NoTele   +   (boots currently unavailable)
Stlth    +.........             M - amulet of the gourmand
Regen    0.4/turn               j - +5 ring of dexterity
MPRegen  0.2/turn               V - ring of positive energy

@: brilliant, tree-form, berserk cooldown, very slightly contaminated, slowed,
glowing, very slow
A: (retaliatory headbutt), deterioration 1, low mp 1
a: Divine Shield, Cleansing Flame, Summon Divine Warrior, Renounce Religion


You were on level 13 of the Dungeon.
You worshipped the Shining One.
The Shining One was extremely pleased with you.
You were hungry.
You were a tree.
You visited 2 branches of the dungeon, and saw 15 of its levels.
You also visited: Ossuary.

You collected 1199 gold pieces.
You spent 247 gold pieces at shops.

Inventory:

Hand Weapons
 a - a +0 war axe
 q - a +2 whip of venom
 L - a +0 scimitar of flaming (weapon)
Armour
 c - a +0 shield
 m - a +0 pair of gloves (melded)
 N - +0 gold dragon scales
 P - the +0 cloak of the Jackalope (melded) {Str+7}
   (You bought it in a shop on level 9 of the Dungeon)

   It affects your strength (+7).
 Y - the +4 ring mail of Fuis (melded) {+Inv rC- Dex+6}
   (You found it on level 12 of the Dungeon)

   It affects your dexterity (+6).
   It makes you vulnerable to cold.
   It lets you turn invisible.
 Z - a +1 large shield (worn)
Jewellery
 j - a +5 ring of dexterity (left branch)
 E - an uncursed ring of fire
 G - an uncursed ring of magical power
 M - an amulet of the gourmand (around neck)
 V - a ring of positive energy (right branch)
Wands
 n - a wand of polymorph (10/24)
 p - a wand of random effects (26/48)
 s - a wand of confusion (10/48)
 O - a wand of flame (7/48)
 Q - a wand of acid (6/15)
 R - a wand of scattershot (5/9)
 T - a wand of confusion (21/48)
Scrolls
 l - 2 scrolls of amnesia
 t - 3 scrolls of blinking {unknown}
 v - 2 scrolls of remove curse
 A - 2 scrolls of immolation
 B - a scroll of magic mapping
 H - a scroll of vulnerability {unknown}
 I - a scroll of fog
 S - a scroll of holy word {unknown}
 U - a scroll of recharging {unknown}
Potions
 g - 7 potions of degeneration
 o - 2 potions of berserk rage
 r - 3 potions of agility
 u - 3 potions of ambrosia
 z - a potion of magic
 C - 2 potions of flight
 D - 3 potions of lignification
Books
 b - a book of Changes

   Spells                             Type                      Level
   a - Beastly Appendage              Transmutation                1
   b - Sticks to Snakes               Transmutation                2
   c - Spider Form                    Transmutation/Poison         3
   d - Ice Form                       Ice/Transmutation            4
   e - Blade Hands                    Transmutation                5
 e - a book of Callings

   Spells                             Type                      Level
   a - Summon Small Mammal            Summoning                    1
   b - Call Imp                       Summoning                    2
   c - Call Canine Familiar           Summoning                    3
   d - Summon Guardian Golem          Hexes/Summoning              3
   e - Summon Lightning Spire         Summoning/Air                4
   f - Summon Ice Beast               Ice/Summoning                4
 w - a book of Necromancy

   Spells                             Type                      Level
   a - Pain                           Necromancy                   1
   b - Animate Skeleton               Necromancy                   1
   c - Vampiric Draining              Necromancy                   3
   d - Regeneration                   Charms/Necromancy            3
   e - Animate Dead                   Necromancy                   4
   f - Control Undead                 Necromancy                   4
   The Shining One disapproves of the use of such an item.
 y - a book of Cantrips

   Spells                             Type                      Level
   a - Confusing Touch                Hexes                        1
   b - Animate Skeleton               Necromancy                   1
   c - Summon Small Mammal            Summoning                    1
   d - Apportation                    Translocation                1
 F - a book of Maledictions

   Spells                             Type                      Level
   a - Corona                         Hexes                        1
   b - Ensorcelled Hibernation        Hexes/Ice                    2
   c - Confuse                        Hexes                        3
   d - Tukima's Dance                 Hexes                        3
   e - Dazzling Spray                 Conjuration/Hexes            3
 W - a book of Air

   Spells                             Type                      Level
   a - Shock                          Conjuration/Air              1
   b - Swiftness                      Charms/Air                   2
   c - Static Discharge               Conjuration/Air              3
   d - Airstrike                      Air                          4
   e - Lightning Bolt                 Conjuration/Air              5
Comestibles
 d - 2 royal jellies
 f - 7 bread rations
 i - a meat ration
 x - 21 fruits


   Skills:
 + Level 9.2 Fighting
 + Level 10.1 Long Blades
 + Level 3.4(7.5) Axes
 + Level 10.4(10.6) Maces & Flails
 + Level 10.3 Armour
 + Level 5.2 Dodging
 + Level 1.6 Stealth
 + Level 12.3 Shields
 + Level 1.3 Invocations


You had 11 spell levels left.
You didn't know any spells.

Dungeon Overview and Level Annotations

Branches:
Dungeon (14/15)            Temple (1/1) D:6            Lair (0/6) D:9
    Orc (0/2) D:12
 Vaults: D:13-14

Altars:
Ashenzari
Cheibriados
Dithmenos
Elyvilon
Fedhas
Gozag
Hepliaklqana
Kikubaaqudgha
Makhleb
Nemelex Xobeh
Okawaru
Ru
Sif Muna
Trog
Xom
Zin
The Shining One

Shops:
D:9 [   D:10 *

Annotations:
D:13 Frances


Innate Abilities, Weirdness & Mutations

((You reflexively headbutt those who attack you in melee.))
((You have a pair of horns on your head.))
((You can translocate small distances at will.))
Your body sometimes deteriorates upon taking damage.
Your magical capacity is low. (-10% MP)


Message History

You feel better.
You flicker back into view.
You block the skeletal warrior's attack. x2
The spriggan hits you but does no damage.
You slash the spriggan! You burn the spriggan.
The spriggan is heavily wounded.
The skeletal warrior hits you but does no damage.
The spriggan hits you but does no damage.
The skeletal warrior hits you from afar with a glaive!
* * * LOW HITPOINT WARNING * * *
You slash the spriggan! You burn the spriggan.
You kill the spriggan!
The skeletal warrior hits you from afar with a halberd.
* * * LOW HITPOINT WARNING * * *
The skeletal warrior hits you but does no damage.
You cannot fly right now.
There are monsters nearby!
The skeletal warrior hits you but does no damage.
The skeletal warrior hits you from afar with a glaive.
You die...

####################
...................#
.§.z.............#
#z.............#
########..............#
....:z.♣..............#
......†...............#
?.........##########..#
..........# ########..#
........... ..........#
#.....................#
#.....................#
......................#
.)...................#


You could see 3 skeletal warriors.

Vanquished Creatures
  A centaur warrior (D:13)
  Erica (D:8)
  4 two-headed ogres
  The ghost of Monsterracer the Cleaver, a novice DDBe of Trog (D:8)
  An unseen horror (D:12)
  2 gargoyles (D:12)
  An efreet (D:14)
  A komodo dragon (shapeshifter) (D:13)
  2 trolls
  A queen bee (shapeshifter) (D:14)
  Sigmund (D:3)
  2 spriggans (shapeshifter)
  3 wyverns
  16 yaks
  A hungry ghost (D:12)
  A water moccasin (D:6)
  2 sky beasts
  2 orc warriors
  8 ice beasts
  A black bear (D:11)
  7 ogres
  3 phantoms
  2 centaurs
  4 big kobolds
  6 bullfrogs
  4 scorpions
  A water moccasin skeleton (D:4)
  4 wights (D:10)
  21 killer bees
  4 crimson imps
  2 centaur zombies
  3 hounds
  3 jellies
  8 orc priests
  10 orc wizards
  A bullfrog skeleton (D:7)
  2 centaur skeletons
  4 iguanas
  6 worker ants
  A killer bee zombie (D:9)
  6 ogre zombies (D:12)
  A hound zombie (D:6)
  8 mummies (Ossuary)
  2 worker ant zombies
  15 gnolls
  6 adders
  7 shadow imps
  3 adder skeletons
  An adder zombie (D:6)
  3 worms
  4 dart slugs
  5 leopard geckos
  50 orcs
  A ball python (D:2)
  7 giant cockroaches
  2 gnoll zombies (Ossuary)
  5 goblins
  8 hobgoblins
  2 jackals (D:5)
  18 kobolds
  3 quokkas
  10 bats
  A goblin skeleton (D:12)
  4 goblin zombies (D:12)
  4 hobgoblin zombies
  2 kobold zombies (Ossuary)
  13 orc zombies
  6 rats
  A plant (D:9)
346 creatures vanquished.

Notes
Turn   | Place    | Note
-------+----------+-------------------------------------------
     0 | D:1      | vineage the Minotaur Fighter began the quest for the Orb.
     0 | D:1      | Reached XP level 1. HP: 19/19 MP: 0/0
   127 | D:1      | Reached XP level 2. HP: 24/27 MP: 1/1
   298 | D:1      | Reached skill level 4 in Shields
   646 | D:2      | Found a faded altar of an unknown god.
   669 | D:2      | Reached XP level 3. HP: 16/33 MP: 2/2
  1014 | D:2      | Became a worshipper of Nemelex Xobeh the Trickster
  1014 | D:2      | Received a gift from Nemelex Xobeh
  1014 | D:2      | Reached * piety under Nemelex Xobeh
  1558 | D:3      | Reached XP level 4. HP: 40/40 MP: 3/3
  1617 | D:3      | Reached skill level 1 in Dodging
  1728 | D:3      | Reached skill level 1 in Maces & Flails
  1795 | D:3      | Reached XP level 5. HP: 46/46 MP: 4/4
  1898 | D:3      | Noticed Sigmund
  1908 | D:3      | Killed Sigmund
  1908 | D:3      | Reached skill level 5 in Shields
  1908 | D:3      | Reached XP level 6. HP: 47/53 MP: 5/5
  2046 | D:3      | Received a gift from Nemelex Xobeh
  2097 | D:4      | Reached ** piety under Nemelex Xobeh
  2238 | D:4      | Reached skill level 5 in Fighting
  2423 | D:4      | Reached skill level 5 in Armour
  2423 | D:4      | Reached skill level 6 in Shields
  2423 | D:4      | Reached XP level 7. HP: 56/61 MP: 6/6
  2853 | D:5      | Entered Level 5 of the Dungeon
  2986 | D:5      | Received a gift from Nemelex Xobeh
  3130 | D:5      | Reached *** piety under Nemelex Xobeh
  3265 | D:5      | Reached skill level 5 in Maces & Flails
  3265 | D:5      | Reached skill level 1 in Stealth
  3384 | D:5      | Reached XP level 8. HP: 66/69 MP: 7/7
  3427 | D:5      | Found a sacrificial altar of Ru.
  3488 | D:5      | Reached skill level 7 in Shields
  4020 | D:6      | Received a gift from Nemelex Xobeh
  4472 | D:6      | Received a gift from Nemelex Xobeh
  4488 | D:6      | Reached **** piety under Nemelex Xobeh
  4558 | D:6      | Reached skill level 8 in Shields
  4698 | D:6      | Reached XP level 9. HP: 67/75 MP: 8/8
  4797 | D:6      | Found a staircase to the Ecumenical Temple.
  4926 | Temple   | Entered the Ecumenical Temple
  4933 | Temple   | Fell from the grace of Nemelex Xobeh
  4933 | Temple   | Became a worshipper of the Shining One
  5187 | D:7      | Found a sand-covered staircase.
  5192 | Ossuary  | Entered an ossuary
  5197 | Ossuary  | Reached * piety under the Shining One
  5260 | Ossuary  | Reached ** piety under the Shining One
  6025 | D:8      | Found a white marble altar of Elyvilon.
  6093 | D:8      | Noticed Monsterracer's ghost (novice DDBe)
  6149 | D:8      | Killed Monsterracer's ghost
  6149 | D:8      | Reached skill level 9 in Shields
  6384 | D:8      | Noticed a two-headed ogre
  6394 | D:8      | Killed a two-headed ogre
  6394 | D:8      | Reached XP level 10. HP: 86/86 MP: 9/9
  6418 | D:8      | Noticed Erica
  6430 | D:8      | Killed Erica
  6430 | D:8      | Reached skill level 1 in Invocations
  6530 | D:9      | Noticed a two-headed ogre
  6541 | D:9      | Killed a two-headed ogre
  6541 | D:9      | Reached skill level 1 in Long Blades
  6541 | D:9      | Reached skill level 10 in Maces & Flails
  6559 | D:9      | Found a burning altar of Makhleb.
  7061 | D:9      | Found a staircase to the Lair.
  7088 | D:9      | Reached skill level 10 in Shields
  7181 | D:9      | Found Wugysaemp's Antique Armour Emporium.
  7190 | D:9      | Bought a dazzling cloak for 247 gold pieces
  7200 | D:9      | Identified the +0 cloak of the Jackalope {Str+7} (You bought it in a shop on level 9 of the Dungeon)
  7473 | D:10     | Entered Level 10 of the Dungeon
  7605 | D:10     | Reached skill level 5 in Long Blades
  7609 | D:10     | Reached *** piety under the Shining One
  7684 | D:10     | Noticed a two-headed ogre
  7691 | D:10     | Killed a two-headed ogre
  7691 | D:10     | Reached XP level 11. HP: 61/94 MP: 10/10
  7966 | D:10     | Found Geeherghate's General Store.
  8453 | D:11     | Reached skill level 11 in Shields
  8471 | D:11     | Found a snail-covered altar of Cheibriados.
  9175 | D:12     | Reached skill level 10 in Armour
  9178 | D:12     | Noticed an unseen horror
  9189 | D:12     | Killed an unseen horror
  9239 | D:12     | Got a scorched ring mail
  9375 | D:12     | Reached **** piety under the Shining One
  9430 | D:12     | Identified the +4 ring mail of Fuis {+Inv rC- Dex+6} (You found it on level 12 of the Dungeon)
  9576 | D:12     | Found a staircase to the Orcish Mines.
  9618 | D:12     | Reached ***** piety under the Shining One
  9900 | D:12     | Found a shimmering altar of Xom.
  9996 | D:13     | Noticed Frances
 10017 | D:13     | The Shining One protects you from harm!
 10279 | D:13     | Noticed a two-headed ogre
 10286 | D:13     | Killed a two-headed ogre
 10286 | D:13     | Reached skill level 5 in Dodging
 10404 | D:13     | Noticed a centaur warrior
 10417 | D:13     | Killed a centaur warrior
 10417 | D:13     | Reached skill level 12 in Shields
 10417 | D:13     | Reached XP level 12. HP: 83/104 MP: 11/11
 10561 | D:14     | Gained mutation: Your magical capacity is low. (-10% MP) [potion of mutation]
 10561 | D:14     | Gained mutation: Your body sometimes deteriorates upon taking damage. [potion of mutation]
 10561 | D:14     | Gained mutation: You can translocate small distances at will. [potion of mutation]
 10570 | D:14     | Reached skill level 10 in Long Blades
 10591 | D:13     | HP: 6/156 [skeletal warrior/glaive (7)]
 10593 | D:13     | Slain by a skeletal warrior

Skill      XL: |  1  2  3  4  5  6  7  8  9 10 11 12 |
---------------+-------------------------------------+-----
Shields        | 4 5 6 8 9 10 12 | 12.3
Axes           | 3 |  3.4
Fighting       | 4 5 6 7 8 9 |  9.2
Armour         | 4 5 7 8 9 10 | 10.3
Dodging        | 1 2 3 4 5 |  5.2
Maces & Flails | 1 2 3 5 6 9 10 | 10.4
Stealth        | 1 |  1.6
Invocations    | 1 |  1.3
Long Blades    | 5 9 10 | 10.1

Action                   |  1- 3 |  4- 6 |  7- 9 | 10-12 || total
-------------------------+-------+-------+-------+-------++-------
Melee: War axe           |    43 |       |       |       ||    43
       Headbutt          |    12 |    25 |   117 |   114 ||   268
       Whip              |    50 |   107 |   370 |    11 ||   538
       Scimitar          |       |       |       |   388 ||   388
Invok: Divine Shield     |       |       |     1 |       ||     1
  Use: Scroll            |     3 |       |    10 |    10 ||    23
       Potion            |       |       |    11 |    19 ||    30
  Eat: Bread ration      |     1 |       |       |       ||     1
       Meat ration       |       |       |     2 |       ||     2
       Fruit             |       |       |     3 |     4 ||     7
       Chunk             |       |       |     6 |     6 ||    12
       Royal jelly       |       |       |       |     1 ||     1
Armor: Scale mail        |    39 |    27 |    77 |       ||   143
       Plate armour      |       |       |    16 |    10 ||    26
       Gold dragon scale |       |       |       |   187 ||   187
       Ring mail         |       |       |       |    25 ||    25
       Skin              |       |       |       |     6 ||     6
Dodge: Dodged            |    34 |    28 |    94 |   142 ||   298
Block: Shield            |    58 |    52 |   166 |   256 ||   532
       Large shield      |       |       |       |   167 ||   167
       Rpst.: Scimitar   |       |       |       |    26 ||    26
